 Dungeon Crawl Stone Soup version 0.14.0-12-g87ee3b7 (webtiles) character file.

545 Leibowitz the Sneak (level 7, -7/40 HPs)
             Began as a Kobold Enchanter on Apr 15, 2014.
             Mangled by a phantom (9 damage)
             ... on Level 4 of the Dungeon.
             The game lasted 00:24:22 (4651 turns).

Leibowitz the Sneak (Kobold Enchanter)              Turns: 4651, Time: 00:24:23

HP  -7/40        AC  4     Str  9      XL: 7   Next: 11%
MP   2/14        EV 17     Int 15      God:
Gold 144         SH  0     Dex 16      Spells:  4 memorised,  4 levels left

rFire  . . .     SeeInvis .     a - +1 dagger
rCold  . . .     Clarity  .     b - +1 robe
rNeg   + . .     Conserve +     (no shield)
rPois  .         rCorr    .     (no helmet)
rElec  .         rRot     .     (no cloak)
SustAb . .       Spirit   .     v - +0 pair of gloves
rMut   .         Warding  .     (no boots)
Saprov + + .     Stasis   .     q - amulet of conservation {unknown}
MR     .....                    u - cursed ring of positive energy
                                i - +2 ring of strength

@: very slightly contaminated, not resistant to hostile enchantments, quite
stealthy
A: disease resistance, carnivore 3, saprovore 2
a: no special abilities


You were on level 4 of the Dungeon.
You were very full.

You visited 1 branch of the dungeon, and saw 4 of its levels.

You collected 144 gold pieces.

Inventory:

Hand weapons
 a - a +1,+1 dagger (weapon)
 y - a +0,+2 dagger of draining
Missiles
 w - 17 poisoned needles
Armour
 b - a +1 robe (worn)
 v - a +0 pair of gloves (worn)
Comestibles
 f - 3 meat rations
Scrolls
 e - 4 scrolls of teleportation {unknown}
 k - a scroll of recharging {unknown}
 n - 3 scrolls of blinking {unknown}
 p - 2 scrolls of enchant weapon I {unknown}
 t - a scroll of remove curse {unknown}
 x - 2 scrolls of random uselessness {unknown}
 A - a scroll of noise {unknown}
 C - a scroll of amnesia {unknown}
 E - 2 scrolls of immolation {unknown}
 G - a scroll of enchant weapon II {unknown}
Jewellery
 i - a +2 ring of strength (left hand)
 j - a +2 ring of strength
 q - an amulet of conservation (around neck) {unknown}
 u - a cursed ring of positive energy (right hand)
Potions
 g - a potion of brilliance {unknown}
 h - a potion of restore abilities {unknown}
 l - a potion of heal wounds {unknown}
 m - 2 potions of curing
 o - a potion of haste {unknown}
 r - a potion of paralysis {unknown}
 s - a potion of resistance {unknown}
 D - a potion of might {unknown}
 F - a potion of agility {unknown}
Books
 c - a book of Maledictions

   Spells                             Type                      Level
   *Corona                            Hexes                        1
   *Sure Blade                        Hexes/Charms                 2
   *Ensorcelled Hibernation           Hexes/Ice                    2
   *Confuse                           Hexes                        3
   Enslavement                        Hexes                        4
   Invisibility                       Hexes                        6


   Skills:
 * Level 2.4 Fighting
 * Level 2.5 Short Blades
 - Level 1.3 Throwing
 * Level 4.2 Dodging
 + Level 4.8 Stealth
 * Level 3.3 Spellcasting
 * Level 3.7 Hexes
 * Level 2.0 Ice Magic


You had 4 spell levels left.
You knew the following spells:

 Your Spells              Type           Power        Failure   Level  Hunger
a - Corona                Hex            ##.....      4%          1    #......
b - Ensorcelled Hibernat  Hex/Ice        ##....       12%         2    ##.....
c - Confuse               Hex            ##......     14%         3    ###....
d - Sure Blade            Hex/Chrm       #.........   14%         2    ##.....


Dungeon Overview and Level Annotations

Branches:
Dungeon (4/15)
 Temple: D:4-7

Altars:
Makhleb
Xom
The Shining One


Innate Abilities, Weirdness & Mutations

You recuperate from illness quickly.
You are small and have problems with some larger weapons.
You are carnivorous and can eat meat at any time.
You can eat rotten meat.


Message History

The phantom hits you.
* * * LOW HITPOINT WARNING * * *
You hit the phantom.
The phantom is almost destroyed.
The phantom barely misses you.
You hit the phantom but do no damage.
The phantom is almost destroyed.
The phantom hits you!
* * * LOW HITPOINT WARNING * * *
You closely miss the phantom.
The phantom is almost destroyed.
The phantom completely misses you.
You hit the phantom.
The phantom is almost destroyed.
The bond with your blade fades away. The phantom closely misses you.
You barely miss the phantom.
The phantom is almost destroyed.
The phantom hits you!
You die...

##### ##@(.##
##p###.## ##(##
##.## #########(##
##.# #......(((# #.#
#.#######.## ##.####
#.# ##.## ##.....#
#####.#
##.###.####.########
......# ###...##
#.........


You could see a phantom.

Vanquished Creatures
  The ghost of BoredOne the Ruffian, an average NaMo (D:4)
  A crimson imp (D:3)
  An orc priest (D:4)
  A hound (D:3)
  An orc wizard (D:4)
  5 worker ants (D:4)
  5 adders
  A giant eyeball (D:4)
  An orc (D:4)
  2 ball pythons (D:1)
  10 bats
  A bat skeleton (D:4)
  A giant cockroach (D:1)
  11 goblins
  11 hobgoblins
  17 jackals
  A kobold (D:2)
  An ooze (D:2)
  4 quokkas
  2 giant geckos
  5 giant newts
  A hobgoblin skeleton (D:4)
  5 rats
89 creatures vanquished.

Notes
Turn   | Place    | Note
--------------------------------------------------------------
     0 | D:1      | Leibowitz, the Kobold Enchanter, began the quest for the Orb.
     0 | D:1      | Reached XP level 1. HP: 10/10 MP: 3/3
   164 | D:1      | Reached XP level 2. HP: 7/15 MP: 1/4
   168 | D:1      | Learned a level 2 spell: Ensorcelled Hibernation
   901 | D:1      | Reached XP level 3. HP: 15/20 MP: 1/6
  1492 | D:2      | Learned a level 3 spell: Confuse
  1515 | D:2      | Reached skill level 1 in Ice Magic
  1594 | D:2      | Reached XP level 4. HP: 10/24 MP: 1/8
  2035 | D:2      | Reached skill level 1 in Fighting
  2924 | D:3      | Reached XP level 5. HP: 29/29 MP: 6/9
  3252 | D:3      | Reached skill level 4 in Stealth
  3364 | D:3      | Found a shimmering altar of Xom.
  3447 | D:3      | Found a burning altar of Makhleb.
  3447 | D:3      | Found a glowing golden altar of the Shining One.
  3508 | D:4      | Noticed BoredOne's ghost (average NaMo)
  3603 | D:4      | Killed BoredOne's ghost
  3603 | D:4      | Reached XP level 6. HP: 28/35 MP: 1/11
  3759 | D:4      | Learned a level 2 spell: Sure Blade
  3802 | D:4      | Paralysed by a giant eyeball for 4 turns
  3975 | D:4      | Reached XP level 7. HP: 40/40 MP: 8/14
  4648 | D:4      | HP: 2/40 [phantom (9)]
  4651 | D:4      | Mangled by a phantom

Action                   |  1- 3 |  4- 6 |  7- 9 || total
-------------------------+-------+-------+-------++-------
Melee: Dagger            |   138 |   178 |    77 ||   393
Throw: Dart              |       |       |    15 ||    15
 Cast: Corona            |     4 |       |       ||     4
       Ensorcelled Hiber |    19 |    31 |     3 ||    53
       Confuse           |       |     8 |     6 ||    14
       Sure Blade        |       |     2 |     7 ||     9
  Use: Potion            |     1 |       |     1 ||     2
       Scroll            |     1 |       |       ||     1
 Stab: Sleeping          |    11 |    29 |     1 ||    41
       Confused          |       |     4 |       ||     4
